 Dungeon Crawl Stone Soup version 0.21-a0-516-gaaff437 (webtiles) character file.

6748 Gildeon the Severer (level 10, -1/81 HPs)
             Began as a Minotaur Fighter on Dec 3, 2017.
             Was a High Priest of Okawaru.
             Slain by a troll (10 damage)
             ... on level 10 of the Dungeon.
             The game lasted 00:43:11 (9171 turns).

Gildeon the Severer (Minotaur Fighter)              Turns: 9171, Time: 00:43:12

Health: -1/81      AC: 17    Str: 25      XL:     10   Next: 75%
Magic:  9/9        EV: 11    Int:  6      God:    Okawaru [*****.]
Gold:   311        SH:  0    Dex: 11 (12) Spells: 8/9 levels left

rFire    . . .     SeeInvis .   a - +2 executioner's axe of Dicaol {chop, *Rage rN+++ Str+4 Stlth-}
rCold    . . .     Gourm    .   (shield currently unavailable)
rNeg     + + +     Faith    .   v - +3 plate armour
rPois    .         Spirit   .   (helmet restricted)
rElec    .         Reflect  .   (no cloak)
rCorr    .         Harm     .   z - +0 pair of gloves
MR       .....     Rnd*Rage +   s - +0 pair of boots
Stlth    ..........             g - amulet of regeneration
HPRegen  0.00/turn              u - +4 ring of evasion
MPRegen  0.11/turn              j - ring of stealth

@: barbed spikes, berserk cooldown, slowed, very slow
A: retaliatory headbutt, horns 2, inhibited regeneration, sturdy frame 1
a: Heroism, Finesse, Renounce Religion


You were on level 10 of the Dungeon.
You worshipped Okawaru.
Okawaru was extremely pleased with you.
You were not hungry.

You visited 2 branches of the dungeon, and saw 11 of its levels.

You collected 445 gold pieces.
You spent 134 gold pieces at shops.

Inventory:

Hand Weapons
 a - the +2 executioner's axe of Dicaol (weapon) {chop, *Rage rN+++ Str+4 Stlth-}
   (You acquired it on level 9 of the Dungeon)

   It inflicts extra damage upon your enemies.
   It affects your strength (+4).
   It renders you almost immune to negative energy.
   It may make you go berserk in combat.
   It makes you less stealthy.
 b - a +0 flail of crushing
Missiles
 q - 3 tomahawks (quivered)
Armour
 s - a +0 pair of boots (worn)
 v - a +3 plate armour (worn)
 z - a +0 pair of gloves (worn)
Jewellery
 g - an amulet of regeneration (around neck)
 j - a ring of stealth (right hand)
 u - a +4 ring of evasion (left hand)
Scrolls
 l - 2 scrolls of fear
 t - 3 scrolls of remove curse
 y - 2 scrolls of blinking
 A - 2 scrolls of brand weapon
Potions
 d - 2 potions of might
 e - 2 potions of magic
 k - a potion of flight
 n - 2 potions of brilliance
 r - a potion of berserk rage
 C - a potion of haste
Books
 c - a book of Maledictions

   Spells                             Type                      Level
   a - Corona                         Hexes                        1
   b - Ensorcelled Hibernation        Hexes/Ice                    2
   c - Confuse                        Hexes                        3
   d - Tukima's Dance                 Hexes                        3
   e - Dazzling Spray                 Conjuration/Hexes            3
 w - a book of Changes

   Spells                             Type                      Level
   a - Beastly Appendage              Transmutation                1
   b - Sticks to Snakes               Transmutation                2
   c - Spider Form                    Transmutation/Poison         3
   d - Ice Form                       Ice/Transmutation            4
   e - Blade Hands                    Transmutation                5
Comestibles
 f - 7 chunks of flesh
 h - 4 fruits
 m - 4 royal jellies
 o - 6 meat rations
 B - a bread ration


   Skills:
 - Level 5.3 Fighting
 - Level 16.3 Axes
 - Level 6.5 Throwing
 + Level 4.5 Armour
   Level 3.6 Shields


You had 8 spell levels left.
You knew the following spells:

 Your Spells              Type           Power        Failure   Level  Hunger
a - Beastly Appendage     Tmut           #.....       99%         1    ##.....


Dungeon Overview and Level Annotations

Branches:
Dungeon (10/15)            Temple (1/1) D:5             Orc (0/2) D:10
   Lair: D:8-11

Altars:
Ashenzari
Cheibriados
Dithmenos
Elyvilon
Fedhas
Gozag
Hepliaklqana
Kikubaaqudgha
Makhleb
Nemelex Xobeh
Okawaru
Qazlal
Ru
Sif Muna
Trog
Uskayaw
Vehumet
Wu Jian
Xom
Yredelemnul
Zin
The Shining One

Shops:
D:5 *=%(   D:10 [}


Innate Abilities, Weirdness & Mutations

You reflexively headbutt those who attack you in melee.
You have a pair of horns on your head.
You do not regenerate when monsters are visible.
Your movements are slightly less encumbered by armour. (ER -2)


Message History

You closely miss the troll. Your headbutt misses the troll.
The troll bites you!
* * * LOW HITPOINT WARNING * * *
The troll claws you but does no damage. The troll misses you.
The troll barely misses you. The troll claws you!
* * * LOW HITPOINT WARNING * * *
The troll closely misses you.
Casting: Beastly Appendage
Confirm with . or Enter, or press ? or * to list all spells.
You don't know that spell.
Unknown command.
You feel better. The troll bites you but does no damage. The troll misses you.
The troll claws you.
* * * LOW HITPOINT WARNING * * *
An ogre and a troll come into view.
You feel better.
The ogre shouts!
The troll bites you but does no damage. The troll barely misses you.
The troll claws you but does no damage. The troll bites you!
You die...

........ .. ..
........ #. ∩.
........ .. .# .
#...... #. #.#
#....##......
#.##'###....##......
#...........##......
#...........#####...
#..@T...............
#...................
#.........##........
#.........##........
#................)..
.R
#T.....O............
#.## #
'...........#'#.....
..z.# .##
##...........#∩#...).
##.z.# ..#
#...........###.....


You could see 2 trolls and an ogre.

Vanquished Creatures
  Erica (D:8)
  2 two-headed ogres (D:10)
  Pikel (D:6)
  A troll (D:10)
  2 hippogriffs (D:9)
  Sigmund (D:5)
  Grum (D:8)
  Menkaure (D:6)
  A soldier ant (D:10)
  A water moccasin (D:7)
  A sky beast (D:6)
  4 slaves (D:6)
  An eye of draining (D:8)
  An ice beast (D:8)
  4 ogres
  3 wolves (D:8)
  4 centaurs
  2 bullfrogs
  Blork the orc (D:6)
  A water moccasin zombie (D:8)
  A scorpion (D:5)
  4 killer bees (D:10)
  5 howler monkeys
  2 electric eels (D:8)
  4 crimson imps
  A bullfrog zombie (D:6)
  4 hounds
  A quasit (D:10)
  8 orc priests
  A bullfrog skeleton (D:7)
  A centaur skeleton (D:4)
  6 orc wizards
  3 iguanas
  7 worker ants
  2 hound skeletons (D:6)
  A howler monkey zombie (D:5)
  4 gnolls
  2 howler monkey skeletons
  10 adders
  2 shadow imps
  2 oozes
  2 worms
  An adder skeleton (D:9)
  5 dart slugs
  7 leopard geckos
  41 orcs
  8 bats
  7 giant cockroaches
  9 goblins
  5 hobgoblins
  9 jackals
  5 quokkas
  5 ball pythons (D:3)
  5 frilled lizards
  6 kobolds
  2 quokka skeletons
  8 rats
  A plant (D:3)
231 creatures vanquished.

Notes
Turn   | Place    | Note
-------+----------+-------------------------------------------
     0 | D:1      | Gildeon the Minotaur Fighter began the quest for the Orb.
     0 | D:1      | Reached XP level 1. HP: 19/19 MP: 0/0
    43 | D:1      | Reached skill level 3 in Axes
    43 | D:1      | Reached XP level 2. HP: 26/26 MP: 1/1
   250 | D:1      | Reached skill level 4 in Axes
   548 | D:1      | Reached XP level 3. HP: 25/31 MP: 2/2
   877 | D:2      | Reached skill level 5 in Axes
   970 | D:2      | Reached XP level 4. HP: 34/39 MP: 3/3
  1388 | D:3      | Reached skill level 6 in Axes
  1441 | D:3      | Reached XP level 5. HP: 41/45 MP: 4/4
  1505 | D:3      | Reached skill level 7 in Axes
  2206 | D:4      | Reached XP level 6. HP: 44/51 MP: 5/5
  2246 | D:4      | Gained mutation: You do not regenerate when monsters are visible. [potion of mutation]
  2246 | D:4      | Gained mutation: Your movements are slightly less encumbered by armour. (ER -2) [potion of mutation]
  2312 | D:4      | Reached skill level 8 in Axes
  2893 | D:5      | Entered Level 5 of the Dungeon
  2901 | D:5      | Found Dimerohi's Jewellery Boutique.
  2952 | D:5      | Found Povvux's Assorted Antiques.
  3019 | D:5      | Found a staircase to the Ecumenical Temple.
  3028 | Temple   | Entered the Ecumenical Temple
  3141 | Temple   | Became a worshipper of Warmaster Okawaru
  3317 | D:5      | Reached skill level 9 in Axes
  3332 | D:5      | Reached XP level 7. HP: 16/57 MP: 6/6
  3693 | D:5      | Noticed Sigmund
  3711 | D:5      | Killed Sigmund
  3711 | D:5      | Reached skill level 10 in Axes
  3902 | D:5      | Reached * piety under Okawaru
  4019 | D:5      | Found Ythealyn's Weapon Emporium.
  4032 | D:5      | Bought a +1 war axe of chopping for 134 gold pieces
  4081 | D:5      | Found Xibb's Food Boutique.
  4449 | D:6      | Noticed Menkaure
  4456 | D:6      | Killed Menkaure
  4456 | D:6      | Reached skill level 11 in Axes
  4741 | D:6      | Reached XP level 8. HP: 64/64 MP: 7/7
  4972 | D:6      | Found a radiant altar of Vehumet.
  5025 | D:6      | Noticed Pikel
  5039 | D:6      | Killed Pikel
  5039 | D:6      | Reached ** piety under Okawaru
  5039 | D:6      | Reached skill level 12 in Axes
  5429 | D:6      | Noticed Blork the orc
  5437 | D:6      | Killed Blork the orc
  5437 | D:6      | Reached skill level 13 in Axes
  5977 | D:7      | Reached XP level 9. HP: 70/70 MP: 8/8
  6114 | D:7      | Reached *** piety under Okawaru
  6114 | D:7      | Reached skill level 14 in Axes
  7168 | D:8      | Noticed Grum
  7173 | D:8      | Reached skill level 15 in Axes
  7181 | D:8      | Reached **** piety under Okawaru
  7199 | D:8      | Killed Grum
  7471 | D:8      | Noticed Erica
  7493 | D:8      | Killed Erica
  7493 | D:8      | Reached skill level 16 in Axes
  7493 | D:8      | Reached XP level 10. HP: 30/77 MP: 9/9
  8133 | D:9      | Identified a scroll of acquirement
  8136 | D:9      | Got a slimy executioner's axe
  8143 | D:9      | Identified the +2 executioner's axe of Dicaol {chop, *Rage rN+++ Str+4 Stlth-} (You acquired it on level 9 of the Dungeon)
  8147 | D:9      | Learned a level 1 spell: Beastly Appendage
  8344 | D:9      | Reached skill level 5 in Fighting
  8546 | D:10     | Entered Level 10 of the Dungeon
  8557 | D:10     | Reached ***** piety under Okawaru
  8557 | D:10     | Reached skill level 1 in Throwing
  8861 | D:10     | Found a staircase to the Orcish Mines.
  8889 | D:10     | Noticed a two-headed ogre
  8900 | D:10     | Killed a two-headed ogre
  8931 | D:10     | Noticed a two-headed ogre
  8937 | D:10     | Killed a two-headed ogre
  9010 | D:10     | Found Suon's Gadget Emporium.
  9162 | D:10     | Noticed a manticore
  9163 | D:10     | Noticed a centaur warrior
  9165 | D:10     | Noticed a skeletal warrior
  9166 | D:10     | Noticed a skeletal warrior
  9167 | D:10     | Noticed a rakshasa
  9167 | D:10     | Found Hoop Voa's Armour Shoppe.
  9169 | D:10     | HP: 1/81 [troll (10)]
  9171 | D:10     | Slain by a troll

Vault maps used:
D:1:      dpeg_arrival_more_subterranean_lakeside_camping, minivault_27
D:3:      first_bread, minmay_shallow_snake_nest
D:5:      minmay_temple_entry_poolview, serial_shops, shop, shop,
          nicolae_shop_crystal, shop, uniq_sigmund
D:6:      fiery_altar_vehumet, uniq_blork_the_orc, uniq_menkaure, uniq_pikel
D:8:      minivault_14, uniq_grum, uniq_erica
D:10:     minmay_the_grid_octo_2x2, orc_0_dummy, serial_shops,
          kennysheep_mini_moat, shop
Temple:   kilobyte_greek_temple

Skill      XL: |  1  2  3  4  5  6  7  8  9 10 |
---------------+-------------------------------+-----
Axes           | 3 4 5 6 7 9 11 13 16 | 16.3
Fighting       | 5 |  5.3
Throwing       | 6 |  6.5
Armour         | 4 |  4.5
Shields        | |  3.6

Action                   |  1- 3 |  4- 6 |  7- 9 | 10-12 || total
-------------------------+-------+-------+-------+-------++-------
Melee: War axe           |    71 |   175 |   260 |     9 ||   515
       Headbutt          |    11 |    36 |    43 |    10 ||   100
       Executioner's axe |       |       |       |    72 ||    72
Throw: Tomahawk          |       |    15 |   115 |    36 ||   166
       Throwing net      |       |     5 |     1 |       ||     6
Evoke: Wand              |     8 |     7 |     2 |       ||    17
  Use: Scroll            |     4 |     7 |    13 |     5 ||    29
       Potion            |       |     1 |     4 |     3 ||     8
  Eat: Chunk             |       |     6 |     5 |     3 ||    14
       Bread ration      |       |     1 |     2 |       ||     3
Armor: Scale mail        |    31 |     5 |       |       ||    36
       Chain mail        |       |    74 |       |       ||    74
       Plate armour      |       |    11 |    93 |    80 ||   184
Dodge: Dodged            |    17 |    55 |    64 |    92 ||   228
Block: Shield            |    30 |   101 |    91 |     5 ||   227

Table legend:
 A = Spawn XP
 B = Non-spawn XP
 C = Spawn XP percentage of total XP
 D = Spawn monster count
 E = Non-spawn monster count
 F = Spawn count percentage of total count
 G = Total turns spent on level
                    A         B        C        D         E        F      G
               +---------+---------+-------+---------+---------+-------+---------
         Total |       0 |    9640 |   0.0 |       0 |     226 |   0.0 |  9171
               +---------+---------+-------+---------+---------+-------+---------
           D:1 |       0 |      65 |   0.0 |       0 |      22 |   0.0 |   759
           D:2 |       0 |      55 |   0.0 |       0 |      24 |   0.0 |   596
           D:3 |       0 |     174 |   0.0 |       0 |      42 |   0.0 |   813
           D:4 |       0 |     328 |   0.0 |       0 |      11 |   0.0 |   725
           D:5 |       0 |     566 |   0.0 |       0 |      19 |   0.0 |  1316
           D:6 |       0 |    1295 |   0.0 |       0 |      21 |   0.0 |  1193
           D:7 |       0 |     987 |   0.0 |       0 |      33 |   0.0 |   973
           D:8 |       0 |    2464 |   0.0 |       0 |      23 |   0.0 |  1334
           D:9 |       0 |     679 |   0.0 |       0 |       9 |   0.0 |   597
          D:10 |       0 |    3027 |   0.0 |       0 |      22 |   0.0 |   625
               +---------+---------+-------+---------+---------+-------+---------
